[ AOE2 MATCH · #505077460 ]
UnrankedTeutons vs Mongols
Player's team · LOSS
Rival team · WIN
[ REPLAY ANALYSIS · EXTRACTED FROM THE RECORDED GAME ]
Feudal
9:04
Castle
—
Imperial
—
| APM avg | 60.4 |
| APM peak | 85 |
| eAPM avg | 15.8 |
| Villagers / military | 19 / 0 |
Focus
⚔️ 41.7% · 🌾 58.3%
Feudal
9:16
Castle
—
Imperial
—
| APM avg | 56.5 |
| APM peak | 87 |
| eAPM avg | 23.3 |
| Villagers / military | 19 / 4 |
Focus
⚔️ 30.0% · 🌾 70.0%
Scout Cavalry ×2 · Militia ×1 · Spearman ×1
Match map
Initial resources + every placement click. Lines = walls · curves = elevation contours. ◆ gold · ⬟ stone · ● berries · ✦ relic · ◌ wall gap
Your base
可愛小貓's base
Smoothed initial terrain · ◌ = detected wall gap · hover for details
Inputs per minute
— solidair - - 可愛小貓
Build order — solidair
26 actions detected in the replay
| 0:01 | Queue | Villager (Male) ×4 |
| 0:02 | Build | House |
| 0:04 | Build | House |
| 1:22 | Queue | Villager (Male) |
| 1:59 | Queue | Villager (Male) |
| 2:18 | Queue | Villager (Male) |
| 2:54 | Build | Lumber Camp |
| 3:01 | Queue | Villager (Male) |
| 3:18 | Queue | Villager (Male) |
| 3:38 | Queue | Villager (Male) |
| 3:38 | Queue | Villager (Male) |
| 3:54 | Build | House |
| 4:05 | Queue | Villager (Male) |
| 5:01 | Queue | Villager (Male) |
| 5:01 | Research | Loom |
| 5:12 | Build | Mining Camp |
| 5:59 | Queue | Villager (Male) |
| 6:54 | Research | Feudal Age |
| 7:45 | Queue | Villager (Male) |
| 8:15 | Build | House |
| 9:04 | Age | Feudal Age |
| 9:11 | Queue | Villager (Male) |
| 9:28 | Queue | Villager (Male) |
| 9:41 | Build | Barracks |
| 10:04 | Queue | Villager (Male) |
| 10:35 | Queue | Villager (Male) |
Build order — 可愛小貓
36 actions detected in the replay
| 0:01 | Queue | Villager (Male) |
| 0:01 | Queue | Villager (Male) |
| 0:02 | Build | House |
| 0:05 | Build | House |
| 0:21 | Queue | Villager (Male) |
| 0:21 | Queue | Villager (Male) |
| 1:33 | Queue | Villager (Male) |
| 1:56 | Build | Lumber Camp |
| 2:04 | Queue | Villager (Male) |
| 2:23 | Queue | Villager (Male) |
| 2:25 | Queue | Villager (Male) |
| 2:48 | Queue | Villager (Male) |
| 3:14 | Queue | Villager (Male) |
| 3:24 | Build | House |
| 3:41 | Queue | Villager (Male) |
| 4:24 | Queue | Villager (Male) |
| 4:44 | Build | Mill |
| 4:53 | Queue | Villager (Male) |
| 5:11 | Queue | Villager (Male) |
| 5:22 | Queue | Villager (Male) |
| 6:13 | Queue | Villager (Male) |
| 6:19 | Research | Loom |
| 6:34 | Research | Feudal Age |
| 7:12 | Build | Barracks |
| 7:25 | Build | House |
| 8:19 | Build | Mining Camp |
| 9:16 | Age | Feudal Age |
| 9:32 | Queue | Militia |
| 9:33 | Queue | Spearman |
| 9:35 | Queue | Villager (Male) |
| 9:39 | Build | Stable |
| 10:00 | Queue | Villager (Male) |
| 10:03 | Research | Double-Bit Axe |
| 10:26 | Queue | Scout Cavalry |
| 10:27 | Queue | Scout Cavalry |
| 10:44 | Queue | Villager (Male) |
Match timeline
| 7:12 | 可愛小貓 · first_building Barracks |
| 9:04 | solidair · age_up feudal |
| 9:16 | 可愛小貓 · age_up feudal |
| 9:39 | 可愛小貓 · first_building Stable |
| 9:41 | solidair · first_building Barracks |
| 10:46 | solidair · resign |
[ AI ANALYSIS · 1 CREDIT ]
What really happened in this match?
Wolo.gg analyzes every decision: build order, eco, micro, common mistakes by bracket. Personalized analysis on WhatsApp or Discord in 30 seconds.
Civ guide
Teutons
Perfil
Jugador #4396973